 Dungeon Crawl Stone Soup version 0.28-a0-1038-g9c4cb8273d (webtiles) character file.

Game seed: 16517290568436594907

38 mainiacjoe the Skirmisher (level 3, 0/24 HPs)
             Began as a Gargoyle Fighter on Dec 9, 2021.
             Slain by a river rat (1 damage)
             ... on level 3 of the Dungeon.
             The game lasted 00:06:30 (2245 turns).

mainiacjoe the Skirmisher (Gargoyle Fighter)        Turns: 2245, Time: 00:06:30

Health: 0/24       AC: 10    Str: 19    XL:     3   Next: 43%
Magic:  3/3        EV:  9    Int:  8    God:
Gold:   4          SH:  4    Dex: 11    Spells: 2/2 levels left

rFire   . . .      SeeInvis .   a - +0 flail
rCold   . . .      Faith    .   c - +0 buckler
rNeg    + . .      Spirit   .   l - +0 scale mail
rPois   ∞          Reflect  .   (no helmet)
rElec   +          Harm     .   (no cloak)
rCorr   .          Rampage  .   (no gloves)
Will    .....                   (no boots)
Stlth   ..........              (no amulet)
HPRegen 0.08/turn               (no ring)
MPRegen 0.08/turn               (no ring)

@: mighty, very slow
A: sickness immunity, AC +3, negative energy resistance 1, electricity
resistance, torment resistance 1, petrification resistance
a: no special abilities


You were on level 3 of the Dungeon.
You visited 1 branch of the dungeon, and saw 3 of its levels.

You collected 208 gold pieces.
You spent 204 gold pieces at shops.

Inventory:

Hand Weapons
 a - a +0 flail (weapon)
 b - a +0 hunting sling
Missiles
 f - 15 bolts
 g - 13 poisoned darts (quivered)
 n - 16 stones
Armour
 c - a +0 buckler (worn)
 l - a +0 scale mail (worn)
Scrolls
 h - a scroll of enchant armour
 i - a scroll of fog
 k - a scroll of teleportation
Potions
 j - 2 potions of invisibility {unknown}
 m - a potion of mutation
 o - a potion of lignification {unknown}


   Skills:
 + Level 3.7 Fighting
 * Level 3.0 Maces & Flails
 - Level 3.2 Armour
 + Level 3.7 Shields


You had 2 spell levels left.
You didn't know any spells.
Your spell library contained the following spells:

 Spells                   Type           Power      Damage    Failure   Level
 Wereblood                Tmut           0%         N/A       90%         2
 Summon Hydra             Summ           0%         N/A       100%        7
 Sublimation of Blood     Necr           Unusable   N/A       N/A         2

Dungeon Overview and Level Annotations

Branches:
Dungeon (3/15)

Altars:

Shops:
D:2 **?**

Annotations:
D:3 1 exclusion


Innate Abilities, Weirdness & Mutations

You are immune to sickness and miasma.
Your stone body is resilient. (AC +3)
You are immune to poison.
You resist negative energy. (rN+)
You are resistant to electric shocks. (rElec)
You are resistant to unholy torment.
You are immune to petrification.


Message History

The river rat bites you but does no damage.
Really attack while wielding your +0 hunting sling? [Y]es or [N]o only, please.
Really attack while wielding your +0 hunting sling? [Y]es or [N]o only, please.
Really attack while wielding your +0 hunting sling?
Okay, then.
a - a +0 flail (weapon)
The river rat bites you.
You closely miss the river rat. The river rat closely misses you.
You barely miss the river rat. You hit the river rat.
The river rat is moderately wounded.
The river rat bites you.
The river rat bites you but does no damage.
Your unstable footing causes you to fumble your attack.
You block the river rat's attack. x2; The river rat bites you.
The river rat closely misses you.
Your unstable footing causes you to fumble your attack.
The river rat closely misses you. You block the river rat's attack.
The river rat bites you.
You closely miss the river rat. The river rat bites you.
Your unstable footing causes you to fumble your attack.
The river rat bites you.
* * * LOW HITPOINT WARNING * * *
You block the river rat's attack.
You feel better. The river rat bites you.
You feel very mighty all of a sudden. The river rat bites you!
Your unstable footing causes you to fumble your attack.
You hear the rusting of a drain.
The river rat bites you but does no damage.
You closely miss the river rat. The river rat bites you.
* * * LOW HITPOINT WARNING * * *
Your unstable footing causes you to fumble your attack.
The river rat bites you but does no damage.
The river rat bites you.
* * * LOW HITPOINT WARNING * * *
You barely miss the river rat. The river rat bites you.
You die...

#.......# #.....†.#
#.......# #.......#
#.......# #
####+#..####≈#≈#
#.......#≈≈≈≈≈≈#
#.......#≈#########
#.......#rr@≈≈≈≈≈≈#
#.......####†#≈#≈≈#
#.........≈≈≈≈≈.≈.#
#######.....≈.....#
##..........#
########..## .## #


You could see 2 river rats.

Vanquished Creatures
  A worm (D:2)
  3 ball pythons
  6 bats
  5 endoplasms
  A giant cockroach (D:2)
  7 goblins
  A hobgoblin (D:1)
  4 kobolds
  2 frilled lizards (D:2)
  4 rats
34 creatures vanquished.

Notes
Turn   | Place    | Note
-------+----------+-------------------------------------------
     0 | D:1      | mainiacjoe the Gargoyle Fighter began the quest for the
                  | Orb.
     0 | D:1      | Reached XP level 1. HP: 14/14 MP: 1/1
    15 | D:1      | You fall into a shaft and drop 1 floor!
    15 | D:2      | Found Yxuen's General Store.
   352 | D:1      | Reached XP level 2. HP: 12/19 MP: 2/2
   893 | D:2      | Bought a scroll of fog for 22 gold pieces
   893 | D:2      | Bought a scroll of noise for 11 gold pieces
  1039 | D:2      | Found Tur Ihula's Assorted Antiques.
  1053 | D:2      | Found Javaen's General Store.
  1078 | D:2      | Bought a potion of curing for 42 gold pieces
  1094 | D:2      | Bought a white potion for 17 gold pieces
  1134 | D:2      | Found Totulav's General Store.
  1427 | D:2      | Reached XP level 3. HP: 23/23 MP: 3/3
  1525 | D:2      | Bought a potion of mutation for 88 gold pieces
  1609 | D:2      | Found Peuqap's Magic Scroll Boutique.
  1632 | D:2      | Found a faded altar of an unknown god.
  1925 | D:2      | Bought a scroll of identify for 24 gold pieces
  2244 | D:3      | HP: 1/24 [river rat (3)]
  2245 | D:3      | Slain by a river rat

Illustrated notes

Levels and vault maps discovered:
D:1:      minmay_arrival_statue_studded, layout_rooms, hex_tiny
D:2:      layout_loops_ring, dreamdust_ecumenical_altar_hidden_monk_grotto,
          serial_shops, nicolae_shop_trees, shop_scrolls,
          nicolae_shop_temple_entry_statues_fountains, shop_statue, shop_coins
D:3:      layout_basic, nicolae_gozag_seed_capital, ebering_ghost_sewer_d,
          lightli_sewer_entry_pipes, hangedman_glass_teeth, uniq_jessica

Skill      XL: |  1  2  3 |
---------------+----------+-----
Maces & Flails | 3 |  3.0
Fighting       | |  3.7
Armour         | |  3.2
Shields        | |  3.7

Action                   || total
-------------------------++-------
Melee: Flail             ||   105
 Fire: Hunting sling     ||     9
Throw: Dart              ||    60
  Use: Scroll            ||     2
       Potion            ||     2
Armor: Scale mail        ||    57
Dodge: Dodged            ||    48
Block: Buckler           ||    30

Table legend: (Time is in decaauts)
 A = Elapsed time spent in this place.
 B = Non-inter-level travel time spent in this place.
 C = Inter-level travel time spent in this place.
 D = Time resting spent in this place.
 E = Time spent auto-exploring this place.
 F = Levels seen in this place.
 G = Mean time per level.
                   A        B        C        D        E       F      G
               +--------+--------+--------+--------+--------+-----+--------+
         Total |   2283 |   2034 |    249 |    153 |   1358 |   3 |  761.0 |
       Dungeon |   2283 |   2034 |    249 |    153 |   1358 |   3 |  761.0 |
               +--------+--------+--------+--------+--------+-----+--------+

Top non-repeatable levels by time:
     D:2: 1541 daAuts
     D:1: 538 daAuts
     D:3: 203 daAuts
